 Dungeon Crawl Stone Soup version 0.21-a0-113-g6841d05 (webtiles) character file.

19 sagitran the Skirmisher (level 2, -5/24 HPs)
             Began as a Demonspawn Abyssal Knight on July 12, 2017.
             Was a Follower of Lugonu.
             Slain by a worm (6 damage)
             ... on level 2 of the Dungeon.
             The game lasted 00:02:59 (832 turns).

sagitran the Skirmisher (Demonspawn Abyssal Knight)  Turns: 832, Time: 00:03:00

Health: -5/24      AC:  3    Str: 12    XL:     2   Next: 55%
Magic:  3/3        EV: 11    Int: 18    God:    Lugonu [*.....]
Gold:   96         SH:  0    Dex: 12    Spells: 1/1 levels left

rFire    . . .     SeeInvis .   a - +1 mace
rCold    . . .     Gourm    .   (no shield)
rNeg     . . .     Faith    .   b - +0 leather armour
rPois    .         Spirit   .   (no helmet)
rElec    .         Reflect  .   (no cloak)
rCorr    .         Harm     .   (no gloves)
MR       .....                  (no boots)
Stlth    +.........             (no amulet)
HPRegen  0.08/turn              (no ring)
MPRegen  0.08/turn              (no ring)

@: brilliant
A: rot immunity
a: Depart the Abyss, Renounce Religion


You were on level 2 of the Dungeon.
You worshipped Lugonu.
Lugonu was aware of your devotion.
You were not hungry.

You visited 1 branch of the dungeon, and saw 3 of its levels.
You visited the Abyss 1 time.

You collected 96 gold pieces.

Inventory:

Hand Weapons
 a - a +1 mace (weapon)
Missiles
 k - 3 poisoned javelins (quivered)
Armour
 b - a +0 leather armour (worn)
Jewellery
 g - an uncursed ring of see invisible {unknown}
Scrolls
 d - 2 scrolls of identify {unknown}
 e - a scroll of amnesia {unknown}
 i - a scroll of immolation {unknown}
 q - a scroll of random uselessness {unknown}
Potions
 h - a potion of invisibility {unknown}
 j - a potion of brilliance
 l - a potion of resistance {unknown}
 n - a potion of agility {unknown}
 o - a potion of magic {unknown}
 p - a potion of berserk rage {unknown}
Comestibles
 c - 2 bread rations
 f - a meat ration
 m - a fruit


   Skills:
 + Level 3.4 Fighting
 + Level 2.1 Maces & Flails
 + Level 1.9 Armour
 + Level 1.0 Dodging
 + Level 2.6 Invocations


You had one spell level left.
You didn't know any spells.

Dungeon Overview and Level Annotations

Branches:
Dungeon (3/15)

Altars:


Innate Abilities, Weirdness & Mutations

You are immune to rotting.


Message History

The worm bites you but does no damage.
You thump the worm!
The worm is heavily wounded.
The worm bites you!
You barely miss the worm.
The worm is heavily wounded.
The worm bites you.
You hit the worm.
The worm is severely wounded.
The worm misses you.
You completely miss the worm.
The worm is severely wounded.
You hit the worm.
The worm is almost dead.
The worm bites you!
* * * LOW HITPOINT WARNING * * *
It was a potion of brilliance.
You feel clever all of a sudden. The worm bites you.
You die...

... .?# #.#
#.# #.## #..
#.. #...###.#
#.....w@#
##.####.#
#####...# #.#
.....#.# #.#
####.#...###.#
.............#
###.#...#####
#.##.## ..
#.##.#


You could see a worm.

Vanquished Creatures
  A dart slug (D:1)
  A leopard gecko (D:1)
  2 giant cockroaches (D:1)
  4 kobolds (D:1)
  A ball python (D:1)
  6 bats (D:1)
  A frilled lizard (D:1)
  A goblin (D:2)
17 creatures vanquished.

Notes
Turn   | Place    | Note
-------+----------+-------------------------------------------
     0 | Abyss:1  | sagitran the Demonspawn Abyssal Knight began the quest for the Orb.
     0 | Abyss:1  | Reached XP level 1. HP: 18/18 MP: 2/2
     2 | D:1      | Escaped the Abyss
   343 | D:1      | Gained mutation: You are immune to rotting. [demonic ancestry]
   343 | D:1      | Reached XP level 2. HP: 16/24 MP: 3/3
   347 | D:1      | Reached skill level 1 in Dodging
   831 | D:2      | HP: 1/24 [worm (8)]
   832 | D:2      | Slain by a worm

Vault maps used:
D:1:      roderic_chinese_lattice_arrival, minmay_surrounded
D:2:      grunt_temple_overflow_diamond
D:3:      cheibrodos_old_hovel, grunt_temple_overflow_order_and_chaos_1,
          kennysheep_another_room, hangedman_decor_diamond_cutter,
          eino_tiny_chamber, uniq_ijyb
Abyss:1:  due_exit_kobolds

Skill      XL: |  1  2 |
---------------+-------+-----
Dodging        | 1 |  1.0
Maces & Flails | 2 |  2.1
Fighting       | |  3.4
Armour         | |  1.9
Invocations    | |  2.6

Action                   || total
-------------------------++-------
Melee: Mace              ||    52
Throw: Javelin           ||     3
  Use: Potion            ||     1
Armor: Leather armour    ||    30
Dodge: Dodged            ||    55
